 Dungeon Crawl Stone Soup version 0.15.0-12-gccce430 (webtiles) character file.

114 MDvedh the Cudgeler (level 4, -2/36 HPs)
             Began as a Minotaur Arcane Marksman on Sept 1, 2014.
             Killed from afar by Natasha (10 damage)
             ... with a magic dart
             ... on Level 3 of the Dungeon.
             The game lasted 00:05:34 (2526 turns).

MDvedh the Cudgeler (Minotaur Arcane Marksman)      Turns: 2526, Time: 00:05:35

HP  -2/36        AC  6     Str 17      XL: 4   Next: 66%
MP   3/3         EV 10     Int 10      God:
Gold 100         SH  0     Dex  9      Spells:  1 memorised,  4 levels left

rFire  . . .     SeeInvis .     j - +0 mace
rCold  . . .     Clarity  .     m - +0 ring mail
rNeg   . . .     rCorr    .     (no shield)
rPois  .         rRot     .     (helmet restricted)
rElec  .         Spirit   .     o - +0 cloak
SustAb .         Warding  .     (no gloves)
rMut   .         Stasis   .     (no boots)
Gourm  .                        (no amulet)
MR     .....                    (no ring)
                                (no ring)

@: flying, slowed, very slow, not resistant to hostile enchantments, extremely
unstealthy
A: retaliatory headbutt, horns 2
a: no special abilities


You were on level 3 of the Dungeon.
You were not hungry.

You visited 1 branch of the dungeon, and saw 3 of its levels.

You collected 100 gold pieces.

Inventory:

Hand weapons
 j - a +0 mace (weapon)
Missiles
 b - 3 javelins (quivered)
 c - 2 throwing nets
Armour
 m - a +0 ring mail (worn)
 o - a +0 cloak (worn)
Comestibles
 a - a meat ration
 f - 4 bread rations
 g - a royal jelly
 q - a beef jerky
Scrolls
 d - a scroll of amnesia {unknown}
 e - 2 scrolls of magic mapping
 h - a scroll of fear {unknown}
 s - 4 scrolls of identify {unknown}
Potions
 k - a potion of curing {unknown}


   Skills:
 - Level 2.0 Fighting
 + Level 5.0 Maces & Flails
 - Level 2.0 Throwing
 - Level 2.1 Dodging
 - Level 1.0 Spellcasting
 - Level 2.0 Hexes


You had 4 spell levels left.
You knew the following spells:

 Your Spells              Type           Power        Failure   Level  Hunger
a - Corona                Hex            #......      21%         1    ##.....


Dungeon Overview and Level Annotations

Branches:
Dungeon (3/15)

Altars:
Yredelemnul
Zin

Annotations:
D:3 Natasha


Innate Abilities, Weirdness & Mutations

You reflexively headbutt those who attack you in melee.
You have a pair of horns on your head.


Message History

The puff of frost hits you!
You miss Natasha.
Natasha is heavily wounded.
Natasha casts a spell.
You have a terrible headache.
Natasha claws you.
* * * LOW HITPOINT WARNING * * *
You are too injured to fight recklessly!
You are too injured to fight recklessly!
You are too injured to fight recklessly!
Unknown command.
You are too injured to fight recklessly!
Unknown command.
You are too injured to fight recklessly!
Drink which item? (? for menu, Esc to quit)
You feel very buoyant.
You fly up into the air.
It was a potion of flight.
Natasha casts a spell at you. The magic dart hits you!
You die...

.###.###.# *,*
#.# .# #.# *,#
*<* #.#
.###'###.# ***
#.# ...'_###.#
#.# .###'###.#
#.# .# #.# *,*
########.#
.#*#.#**,**
#........#
..,...,,,,*
#.#####..#
.,*##.*,*,*
#.5h@....#
,>**,.*,,,*
#.##.##.##
,,,,,..**,*
*,*#.##.#
*,,,*#,**,*
*,*#....#
*,,,**,**,*
*,*######
,,,,,,,,,,* *,*
,,,,,,,******,***
*,*,,,,*,,,,,,,<*
,,,,,,,,,**,*,***


You could see Natasha and a crimson imp.

Vanquished Creatures
  5 adders
  A giant mite (D:1)
  2 worms (D:2)
  2 giant geckos
  An ooze (D:1)
  An orc (D:3)
  5 bats
  3 giant cockroaches
  5 hobgoblins
  4 jackals (D:2)
  A quokka (D:2)
  A giant newt (D:2)
  5 goblins
  8 kobolds
  4 rats
48 creatures vanquished.

Notes
Turn   | Place    | Note
--------------------------------------------------------------
     0 | D:1      | MDvedh, the Minotaur Arcane Marksman, began the quest for the Orb.
     0 | D:1      | Reached XP level 1. HP: 16/16 MP: 2/2
   144 | D:1      | Reached skill level 1 in Maces & Flails
   144 | D:1      | Reached XP level 2. HP: 24/24 MP: 2/2
   960 | D:2      | Reached XP level 3. HP: 21/29 MP: 3/3
  1069 | D:2      | Reached skill level 3 in Maces & Flails
  1364 | D:2      | Found a glowing silver altar of Zin.
  1364 | D:2      | Noticed an angel
  1406 | D:2      | Reached skill level 4 in Maces & Flails
  1508 | D:2      | Reached XP level 4. HP: 28/36 MP: 3/3
  2343 | D:3      | Found a basalt altar of Yredelemnul.
  2415 | D:3      | Reached skill level 5 in Maces & Flails
  2517 | D:3      | Noticed Natasha
  2526 | D:3      | Killed from afar by Natasha

Action                   |  1- 3 |  4- 6 || total
-------------------------+-------+-------++-------
Melee: Club              |    76 |    25 ||   101
       Mace              |       |    21 ||    21
Throw: Javelin           |    30 |     3 ||    33
  Use: Scroll            |       |     6 ||     6
       Potion            |       |     1 ||     1
  Eat: Chunk             |     2 |       ||     2
       Meat ration       |       |     1 ||     1
